 Dungeon Crawl Stone Soup version 0.24-a0-640-ge7cd8ce796 (webtiles) character file.

Game seed: 590332342720718153, levelgen mode: deterministic

1439 Engwar the Grappler (level 8, -5/117 HPs)
             Began as a Troll Berserker on Sept 24, 2019.
             Was a Priest of Trog.
             Slain by a wight
             ... wielding a +1 battleaxe
              (11 damage)
             ... on level 6 of the Dungeon.
             The game lasted 00:07:30 (4161 turns).

Engwar the Grappler (Troll Berserker)               Turns: 4161, Time: 00:07:30

Health: -5/117     AC:  6    Str: 31    XL:     8   Next: 45%
Magic:  7/7        EV: 10    Int: 10    God:    Trog [***...]
Gold:   230        SH:  0    Dex:  6    Spells: 7/7 levels left

rFire    . . .     SeeInvis +     - Unarmed
rCold    . . .     Gourm    +   (no shield)
rNeg     + . .     Faith    .   a - +0 animal skin
rPois    .         Spirit   .   (helmet restricted)
rElec    +         Reflect  .   (no cloak)
rCorr    .         Harm     .   (gloves unavailable)
MR       +....                  (boots unavailable)
Stlth    ..........             (no amulet)
HPRegen  0.69/turn              l - ring of protection from magic
MPRegen  0.10/turn              m - ring of Spite {rElec rN+ Int+6 Dex-4 SInv}

@: berserking (expiring), lightly drained, very quick
A: large, unfitting armour, claws 3, fast metabolism 3, gourmand, regeneration
1, shaggy fur 1, tough skin 3
a: Berserk, Trog's Hand, Renounce Religion


You were on level 6 of the Dungeon.
You worshipped Trog.
Trog was most pleased with you.
You were very full.

You visited 1 branch of the dungeon, and saw 6 of its levels.

You collected 230 gold pieces.

Inventory:

Missiles
 e - 159 stones (quivered)
Armour
 a - a +0 animal skin (worn)
Jewellery
 l - a ring of protection from magic (left claw)
 m - the ring of Spite (right claw) {rElec rN+ Int+6 Dex-4 SInv}
   (You found it on level 4 of the Dungeon)

   [ring of see invisible]

   It affects your intelligence (+6).
   It affects your dexterity (-4).
   It insulates you from electricity.
   It protects you from negative energy.
   It lets you see invisible.
Wands
 d - a wand of digging (2)
Scrolls
 f - 2 scrolls of teleportation
Potions
 c - 3 potions of flight
 g - a potion of might
 h - 2 potions of heal wounds
 j - a potion of agility
 k - 2 potions of mutation
 n - 2 potions of brilliance
Comestibles
 b - 9 rations


   Skills:
 + Level 4.2(4.0) Fighting
 - Level 2.4(2.2) Dodging
 * Level 10.1(9.9) Unarmed Combat


You had 7 spell levels left.
You didn't know any spells.
Your spell library was empty.

Dungeon Overview and Level Annotations

Branches:
Dungeon (6/15)             Temple (0/1) D:5

Altars:
Cheibriados
Elyvilon
Gozag
Yredelemnul
The Shining One


Innate Abilities, Weirdness & Mutations

You are too large for most types of armour.
You have claws for hands.
Your metabolism is lightning-fast.
You like to eat raw meat.
Your natural rate of healing is unusually fast.
You are covered in fur. (AC +1)
You have extremely tough skin. (AC +3)


Message History

You kill the orc wizard!
Trog accepts your kill.
Trog appreciates your killing of a magic user.
The wight barely misses you. x2
The wight hits you with a +1 battleaxe.
* * * LOW HITPOINT WARNING * * *
You partially resist.
You feel drained. The wight misses you. The wight hits you with a +0 spear.
* * * LOW HITPOINT WARNING * * *
You partially resist.
You feel drained.
* * * LOW HITPOINT WARNING * * *
Items here: )) [ † a +0 dagger; a +0 robe; a +0 dagger; an orc corpse Unknown command.
Unknown command.
You mangle the wight!!
You destroy the wight!
Trog accepts your kill. The wight barely misses you.
The wight hits you with a +1 battleaxe!
You die...

## # .. # #### .# ###
#..##.# #.. # #.....##
####. #.#.
####......####....
#....###z..........##..##
#....)@..........##....
#...##z.).........##.##
......# ####............##
...... ###............##
....... #.....####....##.
.....)..##...............#
##......................##
.........................
#....#.).....#........


You could see 2 wights.

Vanquished Creatures
  An ice beast (D:5)
  A phantom (D:6)
  An ogre (D:4)
  A bullfrog (D:6)
  2 scorpions (D:4)
  3 wights (D:6)
  A bullfrog zombie (D:5)
  2 crimson imps
  2 hounds (D:4)
  2 orc priests
  A centaur skeleton (D:4)
  Jessica (D:2)
  2 iguanas
  7 orc wizards
  5 worker ants
  A hound skeleton (D:6)
  6 gnolls
  9 adders
  An ooze (D:1)
  4 worms
  4 dart slugs
  2 leopard geckos (D:1)
  12 orcs
  A ball python (D:2)
  4 giant cockroaches
  6 goblins
  5 hobgoblins
  7 jackals
  3 quokkas
  7 bats
  5 frilled lizards
  10 kobolds
  6 rats
125 creatures vanquished.

Notes
Turn   | Place    | Note
-------+----------+-------------------------------------------
     0 | D:1      | Engwar the Troll Berserker began the quest for the Orb.
     0 | D:1      | Reached XP level 1. HP: 22/22 MP: 0/0
    55 | D:1      | Found a snail-covered altar of Cheibriados.
    78 | D:1      | Reached XP level 2. HP: 29/29 MP: 1/1
   281 | D:1      | Reached skill level 4 in Unarmed Combat
   644 | D:1      | Reached XP level 3. HP: 36/36 MP: 2/2
  1070 | D:2      | Reached skill level 5 in Unarmed Combat
  1070 | D:2      | Reached XP level 4. HP: 44/44 MP: 3/3
  1392 | D:2      | Reached ** piety under Trog
  1603 | D:2      | Noticed Jessica
  1611 | D:2      | Killed Jessica
  1779 | D:3      | Reached XP level 5. HP: 44/50 MP: 4/4
  1813 | D:3      | Found a white marble altar of Elyvilon.
  1855 | D:3      | Reached skill level 6 in Unarmed Combat
  2045 | D:3      | Reached XP level 6. HP: 52/59 MP: 5/5
  2391 | D:4      | Reached skill level 7 in Unarmed Combat
  2491 | D:4      | Got a translucent lapis lazuli ring
  2560 | D:4      | Reached *** piety under Trog
  2635 | D:4      | Reached skill level 8 in Unarmed Combat
  2635 | D:4      | Reached XP level 7. HP: 44/66 MP: 6/6
  2945 | D:5      | Entered Level 5 of the Dungeon
  2952 | D:5      | Identified the ring of Spite {rElec rN+ Int+6 Dex-4 SInv}
                  | (You found it on level 4 of the Dungeon)
  3050 | D:5      | Found a glowing golden altar of the Shining One.
  3110 | D:5      | Found a basalt altar of Yredelemnul.
  3363 | D:5      | Found a staircase to the Ecumenical Temple.
  3416 | D:5      | Found an opulent altar of Gozag.
  3677 | D:5      | Reached skill level 9 in Unarmed Combat
  3815 | D:5      | Noticed an angel
  3888 | D:6      | Reached XP level 8. HP: 49/75 MP: 7/7
  4137 | D:6      | Reached skill level 10 in Unarmed Combat
  4159 | D:6      | HP: 5/117 [wight/+0 spear (1)]
  4161 | D:6      | Slain by a wight

Levels and vault maps discovered:
D:1:      evilmike_arrival_hilbert_curve, layout_basic, serial_forest,
          infiniplex_forest_lined_ring, infiniplex_forest_corner_1,
          infiniplex_forest_clump_long, infiniplex_forest_clump_medium,
          infiniplex_forest_straight_3, infiniplex_forest_corner_1,
          infiniplex_forest_end_3, infiniplex_forest_lined_room_2,
          cheibriados_altar_1
D:2:      layout_basic, serial_corexii_hall, corexii_hall_statues_u,
          chequers_hall_statues_corner_a, uniq_jessica
D:3:      layout_loops_cross, elyvilon_altar_5
D:4:      layout_gridville, first_ration
D:5:      layout_cave_pools, grunt_temple_overflow_holy_war,
          grunt_gozag_breadcrumbs, minmay_temple_entry_wispy,
          serial_co_window_serial, co_window_paths_b, co_window_paths_b,
          co_window_paths_b, co_window_corner_a, co_window_paths_a,
          co_window_corner_ca, co_window_broadway_a, co_window_of_opportunity_b,
          co_window_broadway_b, co_window_cross_2, co_window_corner_cb,
          co_window_4corner_a, glass_columns_c
D:6:      layout_cave_pools, gammafunk_temple_overflow_elements

Skill      XL: |  1  2  3  4  5  6  7  8 |
---------------+-------------------------+-----
Unarmed Combat | 4 5 6 8 9 10 | 10.1
Fighting       | 3 4 |  4.2
Dodging        | |  2.4

Action                   |  1- 3 |  4- 6 |  7- 9 || total
-------------------------+-------+-------+-------++-------
Melee: Unarmed           |   106 |   139 |   126 ||   371
       Punch             |       |       |     6 ||     6
Invok: Berserk           |       |       |     1 ||     1
  Use: Scroll            |       |       |     9 ||     9
 Stab: Sleeping          |       |       |     1 ||     1
  Eat: Chunk             |    15 |    13 |    14 ||    42
Armor: Animal skin       |    48 |    37 |    37 ||   122
Dodge: Dodged            |    77 |    67 |    65 ||   209

Table legend:
 A = Non-vault XP
 B = Vault XP
 C = Vault XP percentage of total XP
 D = Non-vault monster count
 E = Vault monster count
 F = Vault count percentage of total count
                 A         B        C        D         E       F
            +---------+---------+-------+---------+---------+-------
      Total |    2019 |      37 |   1.8 |     124 |       1 |   0.8
            +---------+---------+-------+---------+---------+-------
        D:1 |      41 |       0 |   0.0 |      20 |       0 |   0.0
        D:2 |     103 |      37 |  26.4 |      27 |       1 |   3.6
        D:3 |     229 |       0 |   0.0 |      24 |       0 |   0.0
        D:4 |     488 |       0 |   0.0 |      20 |       0 |   0.0
        D:5 |     417 |       0 |   0.0 |      12 |       0 |   0.0
        D:6 |     741 |       0 |   0.0 |      21 |       0 |   0.0
            +---------+---------+-------+---------+---------+-------
